 Dungeon Crawl Stone Soup version 0.26-a0-774-g1415c89e12 (webtiles) character file.

Game seed: 10872928649733932314

43 Kinoniko the Ducker (level 3, -2/24 HPs)
             Began as a Kobold Monk on Nov 9, 2020.
             Slain by a worm (8 damage)
             ... on level 2 of the Dungeon.
             The game lasted 00:01:20 (1631 turns).

Kinoniko the Ducker (Kobold Monk)                   Turns: 1631, Time: 00:01:20

Health: -2/24      AC:  2    Str:  9    XL:     3   Next: 82%
Magic:  3/3        EV: 17    Int: 11    God:
Gold:   87         SH:  0    Dex: 17    Spells: 2/2 levels left

rFire    . . .     SeeInvis .   f - +0 whip
rCold    . . .     Faith    .   (shield restricted)
rNeg     . . .     Spirit   .   b - +0 robe
rPois    .         Reflect  .   (no helmet)
rElec    .         Harm     .   (no cloak)
rCorr    .         Rampage  .   (no gloves)
MR       .....                  (no boots)
Stlth    +++.......             (no amulet)
HPRegen  0.08/turn              (no ring)
MPRegen  0.08/turn              (no ring)

@: lethally poisoned (-2 -> -14)
A: small, nightstalker 3
a: no special abilities


You were on level 2 of the Dungeon.
You visited 1 branch of the dungeon, and saw 2 of its levels.

You collected 87 gold pieces.

Inventory:

Hand Weapons
 f - a +0 whip (weapon)
Armour
 b - a +0 robe (worn)
Scrolls
 a - a scroll of immolation {unknown}
 d - a scroll of teleportation {unknown}
 g - 3 scrolls of remove curse {unknown}
Potions
 c - a potion of resistance {unknown}
 e - 2 potions of curing {unknown}


   Skills:
 + Level 3.7 Fighting
 * Level 3.4 Maces & Flails
 + Level 4.2 Dodging
 - Level 2.6 Stealth


You had 2 spell levels left.
You didn't know any spells.
Your spell library was empty.

Dungeon Overview and Level Annotations

Branches:
Dungeon (2/15)

Altars:


Innate Abilities, Weirdness & Mutations

You are small and have problems with some larger weapons.
You are completely attuned to the shadows.


Message History

You are too injured to fight recklessly!
Unknown command.
You are too injured to fight recklessly!
You hit the adder.
The adder is lightly wounded.
You feel sick. The adder bites you.
* * * LOW HITPOINT WARNING * * *
The worm misses you.
Unknown command.
Unknown command.
You closely miss the adder.
The adder is lightly wounded.
The adder misses you.
You hit the adder.
The adder is heavily wounded.
The adder bites you.
* * * LOW HITPOINT WARNING * * *
You are lethally poisoned!
The adder poisons you! The worm bites you!
You die...

......##
........##
.........[
...#.#w#.#
....†.@S..$
....#.#.#.#
...........
....#.#.#.#
##........
###.#.#.#.
..........
############.####.
#..........#......


You could see a worm and an adder.

Vanquished Creatures
  An adder (D:2)
  A leopard gecko (D:2)
  An orc (D:2)
  A giant cockroach (D:1)
  3 goblins (D:1)
  8 hobgoblins (D:1)
  4 kobolds
  7 bats (D:1)
  A frilled lizard (D:2)
  3 rats
30 creatures vanquished.

Notes
Turn   | Place    | Note
-------+----------+-------------------------------------------
     0 | D:1      | Kinoniko the Kobold Monk began the quest for the Orb.
     0 | D:1      | Reached XP level 1. HP: 14/14 MP: 1/1
   348 | D:1      | Reached XP level 2. HP: 19/19 MP: 2/2
   473 | D:1      | Reached skill level 4 in Dodging
   710 | D:1      | Reached XP level 3. HP: 22/23 MP: 3/3
  1631 | D:2      | Slain by a worm

Illustrated notes

Levels and vault maps discovered:
D:1:      dpeg_arrival_short_road, layout_loops_ring
D:2:      layout_basic, gammafunk_temple_overflow_wave, serial_glass,
          glass_columns_a, glass_columns_b, glass_columns_a, glass_columns_c,
          glass_columns_c, glass_columns_a, glass_columns_a, glass_columns_c,
          glass_columns_a, glass_columns_c, glass_columns_a, glass_columns_a,
          glass_columns_a, glass_columns_a, uniq_terence

Skill      XL: |  1  2 |
---------------+-------+-----
Maces & Flails | 3 |  3.4
Dodging        | 4 |  4.2
Fighting       | |  3.7
Stealth        | |  2.6

Action                   || total
-------------------------++-------
Melee: Mace              ||    67
       Whip              ||    50
 Stab: Sleeping          ||    13
Armor: Robe              ||    15
Dodge: Dodged            ||    95

Table legend: (Time is in decaauts)
 A = Elapsed time spent in this place.
 B = Non-inter-level travel time spent in this place.
 C = Inter-level travel time spent in this place.
 D = Time resting spent in this place.
 E = Time spent auto-exploring this place.
 F = Levels seen in this place.
 G = Mean time per level.
                   A        B        C        D        E       F      G
               +--------+--------+--------+--------+--------+-----+--------+
         Total |   1644 |   1597 |     47 |    437 |    920 |   2 |  822.0 |
       Dungeon |   1644 |   1597 |     47 |    437 |    920 |   2 |  822.0 |
               +--------+--------+--------+--------+--------+-----+--------+

Top non-repeatable levels by time:
     D:1: 1313 daAuts
     D:2: 331 daAuts
